 Dungeon Crawl Stone Soup version 0.29.0-13-gc9e81de378 (webtiles) character file.

Game seed: 7127599774187283707

2130 Armakuni the Carver (level 9, -2/111 HPs)
             Began as a Human Fighter on Sept 10, 2022.
             Slain by an orc warlord
             ... wielding a +8 broad axe
              (28 damage)
             ... in a bailey.
             The game lasted 00:14:25 (8299 turns).

Armakuni the Carver (Human Fighter)                 Turns: 8299, Time: 00:14:25

Health: -2/111     AC:  8    Str: 16    XL:     9   Next: 55%
Magic:  9/9        EV: 13    Int: 10    God:
Gold:   171        SH:  5    Dex: 16    Spells: 8/8 levels left

rFire   . . .      SeeInvis .   a - +0 long sword
rCold   . . .      Faith    .   d - +0 buckler
rNeg    . . .      Spirit   .   E - +0 acid dragon scales
rPois   .          Reflect  .   j - +1 helmet
rElec   .          Harm     .   (no cloak)
rCorr   +          Rampage  .   (no gloves)
Will    .....                   (no boots)
Stlth   ..........              A - amulet of the acrobat
HPRegen 0.28/turn               (no ring)
MPRegen 0.11/turn               (no ring)

@: berserking (expiring), very quick
A: no striking features
a: no special abilities


You were in a bailey.
You visited 1 branch of the dungeon, and saw 7 of its levels.
You also visited: Bailey.

You collected 477 gold pieces.
You spent 306 gold pieces at shops.

Inventory:

Hand Weapons
 a - a +0 long sword (weapon)
 b - a +2 longbow of chaos
Missiles
 F - a curare-tipped dart (quivered)
Armour
 d - a +0 buckler (worn)
 e - a +1 plate armour of fire resistance
 j - a +1 helmet (worn)
 m - a +1 scale mail of fire resistance
 E - +0 acid dragon scales (worn)
Jewellery
 A - an amulet of the acrobat (around neck)
 C - an amulet of guardian spirit
 J - a ring of ice
Wands
 c - a wand of charming (3)
 r - a wand of roots (16)
 v - a wand of flame (1)
 y - a wand of polymorph (9)
Scrolls
 g - 3 scrolls of teleportation
 h - 2 scrolls of blinking
 s - a scroll of poison
 t - a scroll of summoning
 z - a scroll of fear
Potions
 i - 2 potions of mutation {unknown}
 k - 3 potions of lignification
 l - a potion of haste
 n - 4 potions of heal wounds {unknown}
 o - 5 potions of brilliance
 q - 2 potions of curing {unknown}
 u - a potion of invisibility {unknown}
 w - a potion of flight {unknown}
 x - a potion of cancellation {unknown}


   Skills:
 - Level 8.0 Fighting
 - Level 8.5 Long Blades
 - Level 3.0 Armour
 + Level 4.4 Dodging
 - Level 3.0 Shields


You had 8 spell levels left.
You didn't know any spells.
Your spell library contained the following spells:

 Spells                   Type           Power      Damage    Failure   Level
 Apportation              Tloc           0%         N/A       56%         1
 Alistair's Intoxication  Tmut/Pois      0%         N/A       100%        5


Dungeon Overview and Level Annotations

Branches:
Dungeon (7/15)             Temple (0/1) D:6          Bailey (1/1)

Altars:
Makhleb
Vehumet
Xom

Shops:
D:5 *(!((

Annotations:
D:6 2 transporters, Isauros's ghost, novice MiHu


Message History

a +0 war axe; a +0 chain mail; an orc skeleton You see here 2 boomerangs.
There is an open door here.
There is an open door here.
The orc warlord shouts!
Could not explore, unopened runed door.
Press: ? - help, v - describe, . - travel
Here: an orc warlord, wielding a +8 broad axe and wearing a +0 chain mail (fire blocked by a runed translucent door) Some shallow water.
Unknown command.
Okay, then.
As you read the scroll of enchant weapon, it crumbles to dust.
Your +1 longbow of chaos glows red for a moment.
Okay, then.
Unknown command.
It was a potion of berserk rage.
A red film seems to cover your vision as you go berserk!
You feel yourself moving faster!
You feel mighty!
The gate flies open with a bang!
You feel a strong urge to attack something.
You hit the orc warlord but do no damage.
The orc warlord hits you with a +8 broad axe!!!
You slash the orc warlord!
The orc warlord is lightly wounded.
You closely miss the orc warlord.
The orc warlord is lightly wounded.
The orc warlord hits you with a +8 broad axe.
You hit the orc warlord but do no damage.
The orc warlord is lightly wounded.
The orc warlord hits you with a +8 broad axe!!
You slash the orc warlord!
The orc warlord is moderately wounded.
You slash the orc warlord!
The orc warlord is moderately wounded.
The orc warlord hits you with a +8 broad axe!
* * * LOW HITPOINT WARNING * * *
You hit the orc warlord but do no damage.
The orc warlord is moderately wounded.
The orc warlord hits you with a +8 broad axe!!
You die...

....[#)~~~~#..........#
8...[))....)..........#
...#########......8...#
.(##~~~#~~~####......##
..#~}.....~#~~#.....##
..#~!........~#....##
..##8.8...8.8~##...#
...#.........~~'...#
...#....∩....~~o@..#
...#.........~~'...#
..##8.8...8.8~##...#
..#~!........~#....##
..#~[.....~#~~#.....##
..##~~~#~~~####......##
...#########......8...#
8....'.....'..........#
.....#~)~~~#..........#


You could see an orc warlord.

Vanquished Creatures
  An acid dragon (D:5)
  A water moccasin (D:5)
  Duvessa (D:5)
  An orc warrior (Bailey)
  3 sky beasts
  2 ice beasts (D:6)
  A black bear (D:5)
  A phantom (D:6)
  2 kobold brigands
  A bullfrog (D:6)
  3 scorpions
  Dowan (D:5)
  2 howler monkeys
  A jelly (D:5)
  A gnoll bouda (D:6)
  2 orc wizards (D:5)
  Natasha (thrice) (D:3)
  7 gnolls
  9 adders
  2 white imps
  3 worms
  5 dart slugs
  17 orcs
  4 endoplasms
  3 giant cockroaches
  10 hobgoblins
  2 jackals (D:1)
  22 kobolds
  3 quokkas
  12 ball pythons
  3 bats
  4 frilled lizards
  13 goblins
  2 rats
148 creatures vanquished.

Vanquished Creatures (collateral kills)
  An orc warrior (Bailey)
  A gnoll (Bailey)
  2 goblins (Bailey)
  5 kobolds (Bailey)
9 creatures vanquished.

Grand Total: 157 creatures vanquished

Notes
Turn   | Place    | Note
-------+----------+-------------------------------------------
     0 | D:1      | Armakuni the Human Fighter began the quest for the Orb.
     0 | D:1      | Reached XP level 1. HP: 18/18 MP: 1/1
    45 | D:1      | Reached XP level 2. HP: 17/24 MP: 2/2
   378 | D:1      | Reached XP level 3. HP: 28/29 MP: 3/3
  1483 | D:2      | Reached XP level 4. HP: 28/35 MP: 4/4
  2033 | D:3      | Noticed Natasha
  2045 | D:3      | Killed Natasha
  2046 | D:3      | Reached XP level 5. HP: 36/41 MP: 5/5
  2051 | D:3      | Reached skill level 5 in Long Blades
  2064 | D:3      | Noticed Natasha
  2073 | D:3      | Killed Natasha
  2154 | D:3      | Noticed Natasha
  2169 | D:3      | Killed Natasha
  2639 | D:3      | Found a faded altar of an unknown god.
  2877 | D:4      | Reached XP level 6. HP: 47/47 MP: 6/6
  3691 | D:5      | Entered Level 5 of the Dungeon
  3819 | D:5      | Found Akhirufi's Weapon Boutique.
  3874 | D:5      | Found Qisoykink's Antique Weapon Emporium.
  3879 | D:5      | Bought a longbow for 182 gold pieces
  3926 | D:5      | Found a shimmering altar of Xom.
  3941 | D:5      | Noticed a black bear
  3950 | D:5      | Killed a black bear
  3951 | D:5      | Reached XP level 7. HP: 35/52 MP: 7/7
  4445 | D:5      | Noticed a water moccasin
  4456 | D:5      | Killed a water moccasin
  4793 | D:5      | Noticed Duvessa
  4793 | D:5      | Noticed Dowan
  4804 | D:5      | Found Mutieb's Weapon Boutique.
  4997 | D:5      | Reached XP level 8. HP: 31/58 MP: 8/8
  5229 | D:5      | Killed Duvessa
  5247 | D:5      | Killed Dowan
  5312 | D:5      | Found Folafuem's Assorted Antiques.
  5318 | D:5      | Bought 2 sedimented brown potions for 41 gold pieces
  5318 | D:5      | Bought a scroll labelled UCAELEHILO for 23 gold pieces
  5430 | D:5      | Found Lilyerphe's Distillery.
  5436 | D:5      | Bought a potion of attraction for 30 gold pieces
  5436 | D:5      | Bought a potion of lignification for 30 gold pieces
  5806 | D:6      | Reached skill level 5 in Fighting
  6474 | D:6      | Reached XP level 9. HP: 23/72 MP: 9/9
  6976 | D:6      | Noticed Isauros's ghost (novice MiHu)
  6984 | D:6      | Noticed a two-headed ogre
  7120 | D:6      | Found a transporter.
  7124 | D:6      | Found a transporter.
  7343 | D:6      | Found a staircase to the Ecumenical Temple.
  7373 | D:6      | Found a burning altar of Makhleb.
  7374 | D:6      | Noticed a balrug
  7707 | D:7      | Found a radiant altar of Vehumet.
  7779 | D:7      | Found a flagged portal.
  7798 | Bailey   | Entered a bailey
  7803 | Bailey   | Noticed an orc warlord
  8187 | Bailey   | Found a runed translucent gate.
  8187 | Bailey   | Found a runed translucent gate.
  8187 | Bailey   | Found a runed translucent gate.
  8299 | Bailey   | Slain by an orc warlord

Illustrated notes

Levels and vault maps discovered:
D:1:      scummos_arrival_forest, layout_basic
D:2:      layout_loops_ring
D:3:      layout_rooms, basic_ecumenical_altar, minmay_misc_feat_roman,
          grunt_ministairs_13, dk_vineyard_1, amethyst_killhole,
          minmay_crystal_room, uniq_natasha
D:4:      layout_rooms, st_stairs_2, kennysheep_another_room, grunt_tough_drop
D:5:      dreamdust_elfheim, layout_basic, mainiacjoe_overflow_alcove_4,
          serial_shops, shop, nicolae_shop_competitors_out_of_business, shop,
          nicolae_square_shop, shop
D:6:      layout_basic, makhleb_altar_promises_db,
          minmay_temple_entry_from_below_a, gammafunk_ghost_arena,
          minmay_liquid_box
D:7:      layout_cave_pods, mainiacjoe_overflow_tiny_flanked,
          nicolae_dithmenos_through_a_glass_darkly, enter_bailey_7
Bailey:   bailey_axe_bossmonster_kennysheep, bailey

Skill      XL: |  1  2  3  4  5  6  7  8  9 |
---------------+----------------------------+-----
Long Blades    | 3 4 5 7 8 |  8.5
Fighting       | 7 8 |  8.0
Dodging        | 4 |  4.4
Armour         | |  3.0
Shields        | |  3.0

Action                   |  1- 3 |  4- 6 |  7- 9 || total
-------------------------+-------+-------+-------++-------
Melee: Long sword        |   109 |   199 |   316 ||   624
Evoke: Wand              |       |     3 |    20 ||    23
  Use: Scroll            |       |     5 |    14 ||    19
       Potion            |       |     1 |     6 ||     7
Armor: Scale mail        |    34 |    84 |    62 ||   180
       Acid dragon scale |       |       |    46 ||    46
Dodge: Dodged            |    48 |    88 |   133 ||   269
Block: Buckler           |    29 |    52 |    71 ||   152
